 Dungeon Crawl Stone Soup version 0.29.1-14-g9c671dbff4 (webtiles) character file.

Game seed: 3393980104322079462

4 KyoPewz the Vexing (level 1, 0/7 HPs)
             Began as a Felid Enchanter on Feb 17, 2023.
             Slain by a hobgoblin (5 damage)
             ... on level 1 of the Dungeon.
             The game lasted 00:01:54 (475 turns).

KyoPewz the Vexing (Felid Enchanter)                 Turns: 475, Time: 00:01:55

Health: 0/7        AC:  1    Str:  4    XL:     1   Next: 58%
Magic:  4/4        EV: 17    Int: 16    God:
Gold:   28         SH:  0    Dex: 16    Spells: 4/4 levels left
                                        Lives:  0   Deaths: 0

rFire   . . .      SeeInvis +     - Unarmed
rCold   . . .      Faith    .   (shield unavailable)
rNeg    . . .      Spirit   .   (body armour unavailable)
rPois   .          Reflect  .   (helmet unavailable)
rElec   .          Harm     .   (cloak unavailable)
rCorr   .          Rampage  .   (gloves unavailable)
Will    .....                   (boots unavailable)
Stlth   +++.......              (no amulet)
HPRegen 0.02/turn               (no ring)
MPRegen 0.09/turn               (no ring)

@: quick
A: very small, claws 1, fangs 3, see invisible, speed 1, shaggy fur 1, stealthy
paws, no weapons or thrown items, no armour, multi-lived
a: no special abilities


You were on level 1 of the Dungeon.
You visited 1 branch of the dungeon, and saw 1 of its levels.

You collected 28 gold pieces.

Inventory:

Potions
 a - 3 potions of invisibility
 b - a potion of mutation {unknown}


   Skills:
 - Level 2.6 Dodging
 + Level 4.1 Stealth
 * Level 1.5 Unarmed Combat
 - Level 2.0 Spellcasting
 - Level 4.4 Hexes


You had 4 spell levels left.
You didn't know any spells.
Your spell library contained the following spells:

 Spells                   Type           Power      Damage    Failure   Level
 Confusing Touch          Hex            15%        N/A       11%         3
 Tukima's Dance           Hex            15%        N/A       11%         3
 Ensorcelled Hibernation  Hex/Ice        16%        N/A       13%         2
 Dazzling Flash           Conj/Hex       16%        N/A       26%         3


Dungeon Overview and Level Annotations

Branches:
Dungeon (1/15)

Altars:

Shops:
D:1 =


Innate Abilities, Weirdness & Mutations

You have sharp claws.
You have razor-sharp teeth.
You have supernaturally acute eyesight. (SInv)
You cover ground quickly. (Speed+)
You are covered in fur. (AC +1)
Your paws help you pounce on unaware monsters.
You are incapable of wielding weapons or throwing items.
You cannot wear armour.
You gain extra lives every three experience levels.


Message History

b - a fuming pink potion You barely miss the rat.
You bite the rat.
The rat is heavily wounded.
The rat barely misses you.
You scratch the rat.
You kill the rat!
A giant cockroach comes into view.
The giant cockroach closely misses you.
You barely miss the giant cockroach. Your bite misses the giant cockroach.
The giant cockroach bites you.
You scratch the giant cockroach.
You kill the giant cockroach!
You see here a giant cockroach corpse.
You now have 16 gold pieces (gained 1).
Found a whip.
Found 5 gold pieces.
A ball python comes into view.
You see here 12 gold pieces.
You now have 28 gold pieces (gained 12).
Found 5 gold pieces.
A hobgoblin comes into view.
The ball python hisses angrily.
You don't know any spells.
Sorry, you're not good enough to have a special ability.
You don't know any spells.
Unknown command.
You don't know any spells.
The ball python falls through a shaft!
The shaft crumbles and collapses.
Found 6 stones.
Found Utwees's Jewellery Emporium.
You scratch the hobgoblin but do no damage.
The hobgoblin misses you.
You barely miss the hobgoblin. The hobgoblin hits you.
You barely miss the hobgoblin. The hobgoblin barely misses you.
Press: ? - help, v - describe, . - travel
Here: a hobgoblin The floor.
You barely miss the hobgoblin. The hobgoblin hits you.
Ouch! That really hurt!
You die...

.♣♣♣♣ ♣.♣.....##
♣♣ ♣♣.♣....#
♣♣♣♣...##.#
♣♣♣....####.#
♣♣♣....######.#
♣♣♣.....###.....#
### ♣......##
#.#.#########.#
......##
#.#..###......#
...####
#.##..@g.####.#
#### ####
#.###..### #.#
... # #.##...#
#.# ####..
#.##.#.# #.#
#....# #.##.#.#
#.####.###.
#..#.#.##
#g##...# #.
##......##
#..#.### #.
##.#.#..# ##...#
#. #.#.##.# #..##
#.


You could see a hobgoblin.

Vanquished Creatures
  2 bats (D:1)
  A giant cockroach (D:1)
  A ball python (D:1)
  A rat (D:1)
5 creatures vanquished.

Notes
Turn   | Place    | Note
-------+----------+-------------------------------------------
     0 | D:1      | KyoPewz the Felid Enchanter began the quest for the Orb.
     0 | D:1      | Reached XP level 1. HP: 7/7 MP: 4/4
   423 | D:1      | Found Utwees's Jewellery Emporium.
   475 | D:1      | Slain by a hobgoblin

Illustrated notes

Levels and vault maps discovered:
D:1:      kilobyte_arrival_exit_the_forest, layout_rooms, serial_shops, shop,
          shapermc_ecumenical_altar_mp_ritualfount, minmay_door_square,
          kennysheep_small_spiral

Action                   || total
-------------------------++-------
Melee: Unarmed           ||    16
       Bite              ||     2
 Stab: Sleeping          ||     2
Armor: Skin              ||     1
Dodge: Dodged            ||    13
